 Dungeon Crawl Stone Soup version 0.20.1-1-g8b1a95d (webtiles) character file.

1239 mattj the Covered (level 8, 0/91 HPs)
             Began as a Human Fighter on July 30, 2017.
             Slain by a bullfrog (4 damage)
             ... in a sewer.
             The game lasted 01:19:51 (6979 turns).

mattj the Covered (Human Fighter)                   Turns: 6979, Time: 01:19:51

Health: 0/91       AC:  8    Str: 24    XL:     8   Next: 78%
Magic:  8/8        EV:  9    Int: 13    God:
Gold:   180        SH: 10    Dex: 13    Spells: 7/7 levels left

rFire    . . .     SeeInvis .   l - +1 short sword (freeze)
rCold    . . .     Gourm    .   c - +0 shield
rNeg     . . .     Faith    .   b - +0 scale mail
rPois    .         Spirit   .   (no helmet)
rElec    .         Reflect  .   w - +0 cloak
rCorr    .         Harm     .   (no gloves)
MR       .....                  (no boots)
Stlth    ..........             h - amulet of magic regeneration
Regen    0.3/turn               t - +5 ring of intelligence
MPRegen  0.2/turn               (no ring)

@: berserking (expiring), lethally poisoned (0 -> -3), quick
A: no striking features
a: no special abilities


You were in a sewer.
You were not hungry.

You visited 1 branch of the dungeon, and saw 5 of its levels.
You also visited: Sewer.

You collected 180 gold pieces.

Inventory:

Hand Weapons
 a - a +0 long sword
 d - a +0 trident
 l - a +1 short sword of freezing (weapon)
 m - a +0 dagger
 n - a +0 spear
 q - a +0 hunting sling
 r - a +0 mace
 s - a +0 shortbow
 y - a +0 whip
 A - a +0 flail
 B - a +0 trident
 E - a +0 dagger of speed
 F - a +0 club
 I - a +0 hand axe
 K - a +0 hunting sling
 P - a +0 flail
Missiles
 e - 30 bolts
 i - 12 poisoned needles
 j - 52 stones
 D - 50 arrows (quivered)
 L - 35 sling bullets
 Q - 5 curare-tipped needles
Armour
 b - a +0 scale mail (worn)
 c - a +0 shield (worn)
 w - a +0 cloak (worn)
 x - a +0 ring mail
 C - a +0 leather armour
 G - a +0 robe
 M - a +0 leather armour
 N - a cursed +0 shield
 O - a +0 robe
Jewellery
 h - an amulet of magic regeneration (around neck)
 t - a +5 ring of intelligence (left hand)
 z - an uncursed amulet of magic regeneration
Wands
 J - a wand of polymorph (14/24)
Scrolls
 k - a scroll of remove curse
 o - a scroll of identify
 u - a scroll of magic mapping
 v - 2 scrolls of fear
 H - a scroll of teleportation {unknown}
Potions
 f - 3 potions of haste
 S - a potion of magic
 T - a potion of might
 U - a potion of curing {unknown}
Books
 R - a book of Flames

   Spells                             Type                      Level
   a - Flame Tongue                   Conjuration/Fire             1
   b - Throw Flame                    Conjuration/Fire             2
   c - Conjure Flame                  Conjuration/Fire             3
   d - Inner Flame                    Hexes/Fire                   3
   e - Sticky Flame                   Conjuration/Fire             4
   f - Fireball                       Conjuration/Fire             5
Comestibles
 g - 2 chunks of flesh


   Skills:
 + Level 4.6 Fighting
 + Level 4.9(5.1) Short Blades
 + Level 2.2(3.8) Long Blades
 + Level 0.2 Slings
 + Level 5.9 Armour
 + Level 2.7 Dodging
 + Level 1.3 Stealth
 + Level 5.3 Shields


You had 7 spell levels left.
You didn't know any spells.

Dungeon Overview and Level Annotations

Branches:
Dungeon (5/15)
 Temple: D:4-7

Altars:


Message History

The adder barely misses you.
You are too berserk!
You are too berserk!
You are too berserk!
You are too berserk!
You puncture the bullfrog! You freeze the bullfrog.
The bullfrog is severely wounded.
You block the bullfrog's attack. The ball python bites you.
* * * LOW HITPOINT WARNING * * *
The ball python barely misses you.
The ball python bites you but does no damage.
The ball python constricts you. You block the adder's attack.
You escape the ball python's grasp.
* * * LOW HITPOINT WARNING * * *
You feel sick. You block the bullfrog's attack.
The ball python barely misses you. You block the ball python's attack.
You see here a ball python corpse.
Your unstable footing causes you to fumble your attack.
The bullfrog hits you.
You die...

*,,,* #..'.... *,∩,*
#..#.... *,,,* ####...#
**+####################....#
**,...≈≈≈≈≈≈≈≈≈≈≈≈≈≈≈......#
*,,...≈≈≈≈≈≈≈≈≈≈≈≈≈≈≈.....##
*,,..≈≈≈≈≈S≈≈≈≈≈≈≈≈≈≈.....#
*,,...≈≈≈JFSS≈≈≈≈≈≈≈≈≈....#
*,,..≈≈≈≈S#@..≈#≈≈≈≈≈....##
**,...≈≈≈≈≈≈≈≈≈≈≈≈≈≈≈..###
**#####################


You could see a bullfrog, an ooze and 3 ball pythons.

Vanquished Creatures
  Grinder (D:4)
  The ghost of bli the Skirmisher, an amateur FoAK of Lugonu (D:3)
  An ogre (D:4)
  A centaur (D:4)
  A bullfrog (Sewer)
  3 orc priests (D:4)
  2 centaur skeletons
  3 hounds
  An orc wizard (D:3)
  Jessica (D:3)
  Natasha (thrice) (D:4)
  2 worker ants (D:4)
  A hound skeleton (D:4)
  Robin (D:3)
  8 adders
  7 river rats (Sewer)
  An ooze (Sewer)
  A dart slug (D:2)
  4 leopard geckos
  14 orcs
  10 ball pythons
  4 giant cockroaches
  6 hobgoblins
  3 jackals (D:3)
  2 quokkas (D:3)
  6 bats
  3 frilled lizards
  10 goblins
  2 kobolds
  24 rats
127 creatures vanquished.

Notes
Turn   | Place    | Note
-------+----------+-------------------------------------------
     0 | D:1      | mattj the Human Fighter began the quest for the Orb.
     0 | D:1      | Reached XP level 1. HP: 18/18 MP: 1/1
   747 | D:1      | Reached XP level 2. HP: 18/24 MP: 2/2
  1214 | D:2      | Reached XP level 3. HP: 29/29 MP: 3/3
  1752 | D:3      | Reached XP level 4. HP: 20/35 MP: 4/4
  1790 | D:3      | Reached skill level 1 in Dodging
  2094 | D:3      | Noticed bli's ghost (amateur FoAK)
  2390 | D:3      | Reached skill level 1 in Short Blades
  2390 | D:3      | Reached XP level 5. HP: 31/41 MP: 5/5
  2483 | D:3      | Noticed Jessica
  2499 | D:3      | Killed Jessica
  2652 | D:3      | Killed bli's ghost
  2652 | D:3      | Reached XP level 6. HP: 20/47 MP: 6/6
  3077 | D:3      | Noticed Robin
  3093 | D:3      | Killed Robin
  3093 | D:3      | Reached skill level 1 in Stealth
  3412 | D:4      | Noticed Grinder
  3648 | D:4      | Noticed Natasha
  3648 | D:4      | Reached XP level 7. HP: 53/53 MP: 7/7
  3655 | D:4      | Killed Natasha
  4106 | D:4      | Noticed Natasha
  4118 | D:4      | Killed Natasha
  4148 | D:4      | Noticed Natasha
  4161 | D:4      | Killed Natasha
  5117 | D:4      | Reached skill level 5 in Armour
  5117 | D:4      | Reached XP level 8. HP: 48/60 MP: 8/8
  5494 | D:4      | Paralysed by Grinder for 6 turns
  5549 | D:4      | Paralysed by Grinder for 3 turns
  5554 | D:4      | Killed Grinder
  5554 | D:4      | Reached skill level 5 in Shields
  5862 | D:5      | Entered Level 5 of the Dungeon
  5966 | D:5      | Found a glowing drain.
  5985 | Sewer    | Entered a sewer
  6061 | Sewer    | HP: 3/61 [river rat (3)]
  6977 | Sewer    | HP: 4/91 [ball python (1)]
  6979 | Sewer    | Slain by a bullfrog

Skill      XL: |  1  2  3  4  5  6  7  8 |
---------------+-------------------------+-----
Dodging        | 1 2 |  2.7
Short Blades   | 1 2 3 4 |  4.9
Armour         | 4 5 |  5.9
Shields        | 4 5 |  5.3
Stealth        | 1 |  1.3
Fighting       | 4 |  4.6
Long Blades    | |  2.2
Slings         | |  0.2

Action                   |  1- 3 |  4- 6 |  7- 9 || total
-------------------------+-------+-------+-------++-------
Melee: Long sword        |    50 |       |       ||    50
       Short sword       |    64 |   166 |   383 ||   613
 Fire: Hunting sling     |     2 |       |       ||     2
Throw: Stone             |     1 |     3 |     2 ||     6
Evoke: Wand              |       |       |     1 ||     1
  Use: Potion            |       |       |     9 ||     9
       Scroll            |       |       |     7 ||     7
  Eat: Chunk             |     2 |     1 |     2 ||     5
       Meat ration       |     1 |       |     1 ||     2
       Bread ration      |       |     1 |     1 ||     2
Armor: Scale mail        |    50 |    40 |   132 ||   222
       Skin              |       |       |    23 ||    23
Dodge: Dodged            |    25 |    42 |   137 ||   204
Block: Shield            |    59 |    78 |   186 ||   323
       Rpst.: Long sword |     2 |       |       ||     2
